 Seeded DCSS version 0.27.1-2-g3b301248ec (webtiles) character file.

Game seed: 9082526011783726659 (custom seed)

9 babuloseo the Covered (level 2, -2/24 HPs)
             Began as a Human Fighter on Sept 26, 2021.
             Was a Follower of Jiyva.
             Slain by a quokka (4 damage)
             ... on level 1 of the Dungeon.
             The game lasted 00:00:15 (304 turns).

babuloseo the Covered (Human Fighter)                Turns: 304, Time: 00:00:16

Health: -2/24      AC:  6    Str: 17    XL:     2   Next: 25%
Magic:  2/2        EV:  7    Int:  8    God:    Jiyva [*.....]
Gold:   17         SH:  8    Dex: 11    Spells: 1/1 levels left

rFire    . . .     SeeInvis .   a - +0 long sword
rCold    . . .     Faith    .   c - +0 kite shield
rNeg     . . .     Spirit   .   b - +0 scale mail
rPois    .         Reflect  .   (no helmet)
rElec    .         Harm     .   (no cloak)
rCorr    .         Rampage  .   (no gloves)
Will     .....                  (no boots)
Stlth    ..........             (no amulet)
HPRegen  0.08/turn              (no ring)
MPRegen  0.08/turn              (no ring)

@: no status effects
A: no striking features
a: Renounce Religion, Request Jelly


You were on level 1 of the Dungeon.
You worshipped Jiyva.
Jiyva was aware of your devotion.
You visited 1 branch of the dungeon, and saw 1 of its levels.

You collected 17 gold pieces.

Inventory:

Hand Weapons
 a - a +0 long sword (weapon)
Armour
 b - a +0 scale mail (worn)
 c - a +0 kite shield (worn)
Scrolls
 e - a scroll of immolation {unknown}
 g - a scroll of teleportation {unknown}
 h - a scroll of identify {unknown}
Potions
 d - a potion of might
 f - a potion of invisibility {unknown}


   Skills:
 + Level 3.1 Fighting
 + Level 2.1 Long Blades
 + Level 3.2 Armour
 + Level 3.1 Shields


You had one spell level left.
You didn't know any spells.
Your spell library was empty.

Dungeon Overview and Level Annotations

Branches:
Dungeon (1/15)

Altars:
Jiyva


Message History

You are too injured to fight recklessly!
You are too injured to fight recklessly!
You are too injured to fight recklessly!
You are too injured to fight recklessly!
You are too injured to fight recklessly!
You are too injured to fight recklessly!
You are too injured to fight recklessly!
You are too injured to fight recklessly!
You are too injured to fight recklessly!
You are too injured to fight recklessly!
You are too injured to fight recklessly!
There are monsters nearby!
There are monsters nearby!
You are too injured to fight recklessly!
There are monsters nearby!
You are too injured to fight recklessly!
There are monsters nearby!
You are too injured to fight recklessly!
The quokka bites you but does no damage.
You block the hobgoblin's attack.
You hit the quokka but do no damage. The quokka bites you.
The hobgoblin hits you but does no damage.
You block the quokka's attack. The hobgoblin hits you.
Your scale mail prevents you from hitting the quokka.
The quokka misses you. The hobgoblin barely misses you.
You block the quokka's attack.
You hit the quokka but do no damage. You block the quokka's attack.
The hobgoblin hits you but does no damage.
The quokka barely misses you.
The hobgoblin hits you but does no damage.
You barely miss the quokka. The quokka bites you.
* * * LOW HITPOINT WARNING * * *
You block the hobgoblin's attack.
The quokka bites you but does no damage.
The hobgoblin closely misses you.
You closely miss the quokka. You block the quokka's attack.
The hobgoblin hits you.
* * * LOW HITPOINT WARNING * * *
The quokka bites you.
You die...

#.#...... ###.#.#.###..
..#.#.#.# #.. ######+##
#....#.#.# #.. ........#
#....#.#'###.. ........#
#....#.....#.. ........#
#....#.....#..
....:..r###....#.....#..
.......@'......##....#..
.......g##.....#.....'..
....:...##.....#.....#..
....>...##....##.....#..
........##...........#..
........#########....###
######### ######


You could see a quokka and a hobgoblin.

Vanquished Creatures
  A ball python (D:1)
  2 endoplasms (D:1)
  A goblin (D:1)
  2 jackals (D:1)
  A kobold (D:1)
7 creatures vanquished.

Vanquished Creatures (others)
  A bat (D:1)
  2 fungi (D:1)
  5 plants (D:1)
8 creatures vanquished.

Grand Total: 15 creatures vanquished

Notes
Turn   | Place    | Note
-------+----------+-------------------------------------------
     0 | D:1      | babuloseo the Human Fighter began the quest for the Orb.
     0 | D:1      | Reached XP level 1. HP: 18/18 MP: 1/1
   187 | D:1      | Found a faded altar of an unknown god.
   192 | D:1      | Reached XP level 2. HP: 24/24 MP: 2/2
   195 | D:1      | Became a worshipper of Jiyva Jihal the Shapeless
   195 | D:1      | Reached * piety under Jiyva
   304 | D:1      | Slain by a quokka

Illustrated notes

Levels and vault maps discovered:
D:1:      amcnicky_arrival_flooded_fountain, layout_basic,
          shapermc_ecumenical_altar_mp_ritualfount

Action                   || total
-------------------------++-------
Melee: Long sword        ||    19
Armor: Scale mail        ||    12
Dodge: Dodged            ||    10
Block: Kite shield       ||    10
       Rpst.: Long sword ||     1
